General information
- name: BNet
- type: Ladder team game (AT/RT)
- host: Battle.net
- saver: USAALLDAY
map: FullScaleAssault
- players: 8
- length: 26:55
- speed: Fast
- version: 1.26 W3XP
- replay type: Public
» download(179 KB)
Players
team 1 (loser)

»
Brezelmeister (
orange | 61 APM | 1330 actions | 21:39)
4 Crypt Lord
2 Carrion Beetles
2 Spiked Carapace
» actions
| Assign group hotkey | 16 | |
| Basic commands | 2 | |
| Build / train | 75 | |
| Enter build submenu | 22 | |
| Enter hero's abilities submenu | 4 | |
| Right click | 491 | |
| Select / deselect | 279 | |
| Select group hotkey | 397 | |
| Use ability | 44 | |
1330 total
» units
| Acolyte | 45 | |
| Ghoul | 5 | |
| Crypt Fiend | 4 | |
| Blue Drake | 1 | |
| Blue Dragon Whelp | 1 | |
| Frost Wyrm | 3 | |
59 total
» upgrades
| Web | 1 | |
| Creature Attack | 2 | |
| Creature Carapace | 1 | |
| Freezing Breath | 1 | |
5 total
» buildings
| Crypt | 1 | |
| Graveyard | 1 | |
| Altar of Darkness | 1 | |
| Ziggurat | 8 | |
| Tomb of Relics | 1 | |
| Halls of the Dead | 1 | |
| Black Citadel | 1 | |
| Sacrificial Pit | 1 | |
| Necropolis | 2 | |
| Spirit Tower | 1 | |
| Boneyard | 3 | |
21 total
» build order
00:19 Crypt
00:30 Graveyard
00:33 Altar of Darkness
00:46 Ziggurat
01:20 Ziggurat
01:51 Tomb of Relics
03:30 Halls of the Dead
04:32 Ziggurat
06:35 Ziggurat
06:54 Black Citadel
06:59 Sacrificial Pit
08:11 Ziggurat
08:36 Ziggurat
08:37 Ziggurat
08:39 Necropolis
08:41 Ziggurat
09:32 Spirit Tower
10:05 Boneyard
10:06 Boneyard
10:07 Boneyard
21:31 Necropolis
» items

»
tristours (
pink | 42 APM | 910 actions | 21:46)
5 Tauren Chieftain
3 War Stomp
2 Endurance Aura
» actions
| Assign group hotkey | 3 | |
| Basic commands | 5 | |
| Build / train | 68 | |
| ESC pressed | 1 | |
| Enter build submenu | 14 | |
| Enter hero's abilities submenu | 5 | |
| Give item / drop item | 1 | |
| Remove unit from queue | 8 | |
| Right click | 493 | |
| Select / deselect | 244 | |
| Select group hotkey | 22 | |
| Use ability | 45 | |
910 total
» units
| Peon | 22 | |
| Grunt | 3 | |
| Troll Headhunter/Berserker | -3 | |
| Troll Witch Doctor | 2 | |
| Spirit Walker | 3 | |
| Tauren | 6 | |
33 total
» upgrades
| Armor | 2 | |
| Witch Doctor Training | 2 | |
| Spirit Walker Training | 2 | |
| Melee Weapons | 1 | |
| Pulverize | 2 | |
9 total
» buildings
| Orc Burrow | 6 | |
| Altar of Storms | 1 | |
| Barracks | 1 | |
| War Mill | 1 | |
| Voodoo Lounge | 1 | |
| Stronghold | 1 | |
| Great Hall | 1 | |
| Fortress | 1 | |
| Spirit Lodge | 2 | |
| Tauren Totem | 2 | |
17 total
» build order
00:38 Orc Burrow
00:40 Altar of Storms
00:53 Barracks
01:33 War Mill
01:43 Voodoo Lounge
02:30 Orc Burrow
03:02 Orc Burrow
04:11 Stronghold
05:30 Great Hall
06:33 Fortress
06:39 Spirit Lodge
06:39 Spirit Lodge
09:28 Tauren Totem
09:30 Tauren Totem
10:07 Orc Burrow
13:01 Orc Burrow
13:41 Orc Burrow
» items
| Healing Salve | 2 | |
| Potion of Healing | 1 | |
| Potion of Mana | 2 | |
| Scroll of Town Portal | 4 | |
| Orb of Lightning | 1 | |
10 total
www.papajohn.gr (
purple | 81 APM | 1942 actions | 23:52)
3 Archmage
1 Summon Water Elemental
1 Blizzard
1 Brilliance Aura
1 Tauren Chieftain
1 Endurance Aura
» actions
| Assign group hotkey | 16 | |
| Basic commands | 4 | |
| Build / train | 89 | |
| Enter build submenu | 23 | |
| Enter hero's abilities submenu | 4 | |
| Right click | 1193 | |
| Select / deselect | 270 | |
| Select group hotkey | 285 | |
| Use ability | 58 | |
1942 total
» units
| Peasant | 24 | |
| Footman | 4 | |
| Goblin Shredder | 1 | |
| Flying Machine | 31 | |
| Mortar Team | 8 | |
68 total
» upgrades
| Lumber Harvesting | 1 | |
| Gunpowder | 2 | |
| Plating | 2 | |
| Flying Machine Bombs | 1 | |
| Flak Cannons | 1 | |
| Fragmentation Shards | 1 | |
| Flare | 1 | |
9 total
» buildings
| Altar of Kings | 1 | |
| Farm | 10 | |
| Lumber Mill | 1 | |
| Barracks | 1 | |
| Keep | 1 | |
| Town Hall | 1 | |
| Blacksmith | 1 | |
| Arcane Vault | 1 | |
| Castle | 1 | |
| Workshop | 4 | |
| Scout Tower | 2 | |
| Guard Tower | 1 | |
| Arcane Tower | 1 | |
26 total
» build order
00:20 Altar of Kings
00:35 Farm
00:46 Farm
00:51 Lumber Mill
01:16 Barracks
01:50 Farm
03:28 Keep
03:34 Farm
04:21 Town Hall
04:30 Farm
04:36 Blacksmith
05:00 Arcane Vault
06:07 Castle
06:30 Workshop
06:33 Workshop
06:59 Workshop
07:02 Workshop
07:06 Farm
07:29 Farm
07:31 Farm
07:52 Farm
08:47 Scout Tower
08:51 Scout Tower
09:19 Guard Tower
09:22 Arcane Tower
17:29 Farm
» items
| Potion of Healing | 2 | |
| Scroll of Town Portal | 1 | |
3 total
Se. (
yellow | 33 APM | 889 actions | 26:51)
4 Death Knight
2 Death Coil
1 Death Pact
1 Unholy Aura
3 Lich
2 Frost Nova
1 Dark Ritual
» actions
| Assign group hotkey | 22 | |
| Build / train | 46 | |
| Enter build submenu | 28 | |
| Enter hero's abilities submenu | 7 | |
| Give item / drop item | 1 | |
| Right click | 268 | |
| Select / deselect | 183 | |
| Select group hotkey | 264 | |
| Use ability | 70 | |
889 total
» units
| Acolyte | 6 | |
| Ghoul | 4 | |
| Crypt Fiend | 8 | |
| Goblin Zeppelin | 1 | |
| Frost Wyrm | 4 | |
23 total
» upgrades
| Freezing Breath | 1 | |
| Creature Carapace | 2 | |
| Burrow | 1 | |
| Web | 1 | |
| Creature Attack | 1 | |
6 total
» buildings
| Altar of Darkness | 1 | |
| Ziggurat | 9 | |
| Crypt | 2 | |
| Graveyard | 1 | |
| Halls of the Dead | 1 | |
| Tomb of Relics | 1 | |
| Nerubian Tower | 1 | |
| Black Citadel | 1 | |
| Sacrificial Pit | 1 | |
| Boneyard | 2 | |
| Necropolis | 3 | |
| Spirit Tower | 3 | |
| Town Hall | 6 | |
32 total
» build order
00:55 Altar of Darkness
00:57 Ziggurat
01:00 Crypt
01:03 Graveyard
01:17 Ziggurat
03:01 Halls of the Dead
03:27 Tomb of Relics
03:31 Nerubian Tower
03:37 Ziggurat
05:23 Black Citadel
06:01 Sacrificial Pit
06:07 Ziggurat
07:45 Boneyard
07:46 Boneyard
07:51 Ziggurat
07:53 Ziggurat
09:00 Necropolis
14:03 Crypt
14:07 Ziggurat
14:08 Ziggurat
14:10 Ziggurat
14:13 Spirit Tower
14:45 Spirit Tower
16:25 Spirit Tower
19:36 Necropolis
23:25 Necropolis
24:55 Town Hall
25:00 Town Hall
25:10 Town Hall
25:14 Town Hall
25:42 Town Hall
26:26 Town Hall
» items
team 2 (winner)

»
RockNRollah-K (
green | 33 APM | 874 actions | 26:51)
4 Beastmaster
2 Summon Bear
2 Summon Quilbeast
» actions
| Build / train | 51 | |
| Enter build submenu | 33 | |
| Enter hero's abilities submenu | 4 | |
| Right click | 421 | |
| Select / deselect | 315 | |
| Use ability | 50 | |
874 total
» units
| Acolyte | 7 | |
| Ghoul | 6 | |
| Crypt Fiend | 13 | |
| Frost Wyrm | 6 | |
32 total
» upgrades
| Creature Attack | 3 | |
| Creature Carapace | 2 | |
| Web | 1 | |
| Freezing Breath | 1 | |
7 total
» buildings
| Ziggurat | 17 | |
| Crypt | 1 | |
| Altar of Darkness | 1 | |
| Tomb of Relics | 1 | |
| Graveyard | 1 | |
| Halls of the Dead | 1 | |
| Black Citadel | 1 | |
| Sacrificial Pit | 1 | |
| Spirit Tower | 3 | |
| Boneyard | 2 | |
29 total
» build order
00:10 Ziggurat
00:20 Crypt
00:49 Altar of Darkness
01:03 Tomb of Relics
01:36 Ziggurat
02:29 Ziggurat
02:38 Graveyard
03:07 Halls of the Dead
03:30 Ziggurat
06:31 Black Citadel
07:20 Sacrificial Pit
07:24 Ziggurat
07:26 Ziggurat
07:30 Ziggurat
08:25 Spirit Tower
08:27 Spirit Tower
09:05 Boneyard
09:14 Boneyard
13:54 Ziggurat
15:55 Ziggurat
15:57 Ziggurat
15:59 Ziggurat
18:34 Ziggurat
18:35 Ziggurat
18:38 Ziggurat
20:22 Ziggurat
20:24 Ziggurat
20:26 Ziggurat
22:22 Spirit Tower
» items
| Scroll of Regeneration | 1 | |
| Scroll of Town Portal | 1 | |
2 total

»
brobooo (
blue | 34 APM | 916 actions | 26:51)
7 Blademaster
3 Wind Walk
3 Critical Strike
1 Bladestorm
» actions
| Build / train | 71 | |
| Enter build submenu | 14 | |
| Enter hero's abilities submenu | 7 | |
| Give item / drop item | 5 | |
| Right click | 440 | |
| Select / deselect | 274 | |
| Use ability | 105 | |
916 total
» units
» upgrades
| Spiked Barricades | 1 | |
| Ranged Weapons | 3 | |
| Armor | 3 | |
| Liquid Fire | 1 | |
| Reinforced Defenses | 1 | |
9 total
» buildings
| Altar of Storms | 1 | |
| Orc Burrow | 7 | |
| Voodoo Lounge | 1 | |
| War Mill | 1 | |
| Stronghold | 2 | |
| Fortress | 1 | |
| Beastiary | 3 | |
16 total
» build order
00:03 Altar of Storms
00:06 Orc Burrow
01:00 Voodoo Lounge
01:10 War Mill
01:39 Orc Burrow
03:00 Stronghold
03:01 Stronghold
05:37 Fortress
05:43 Beastiary
05:47 Beastiary
06:03 Orc Burrow
07:46 Beastiary
07:49 Orc Burrow
19:00 Orc Burrow
19:01 Orc Burrow
22:16 Orc Burrow
» items
| Healing Salve | 3 | |
| Lesser Clarity Potion | 5 | |
| Scroll of Speed | 1 | |
| Boots of Speed | 1 | |
| Circlet of Nobility | 1 | |
| Staff of Teleportation | 1 | |
| Potion of Lesser Invulnerability | 2 | |
| Orb of Lightning | 1 | |
| Potion of Healing | 3 | |
| Potion of Mana | 1 | |
19 total
l0sten (
red | 61 APM | 1635 actions | 26:51)
7 Mountain King
3 Storm Bolt
3 Bash
1 Avatar
6 Paladin
3 Holy Light
1 Divine Shield
1 Devotion Aura
1 Resurrection
» actions
| Assign group hotkey | 21 | |
| Build / train | 95 | |
| Enter build submenu | 29 | |
| Enter hero's abilities submenu | 13 | |
| Give item / drop item | 3 | |
| Remove unit from queue | 1 | |
| Right click | 612 | |
| Select / deselect | 309 | |
| Select group hotkey | 470 | |
| Use ability | 82 | |
1635 total
» units
| Peasant | 16 | |
| Rifleman | 5 | |
| Flying Machine | 17 | |
| Siege Engine | 6 | |
44 total
» upgrades
| Gunpowder | 3 | |
| Lumber Harvesting | 2 | |
| Masonry | 2 | |
| Flak Cannons | 1 | |
| Flying Machine Bombs | 1 | |
| Barrage | 1 | |
| Plating | 3 | |
13 total
» buildings
| Farm | 12 | |
| Altar of Kings | 1 | |
| Blacksmith | 1 | |
| Barracks | 1 | |
| Town Hall | 3 | |
| Lumber Mill | 1 | |
| Keep | 1 | |
| Arcane Vault | 1 | |
| Scout Tower | 5 | |
| Guard Tower | 5 | |
| Workshop | 3 | |
| Castle | 1 | |
35 total
» build order
00:07 Farm
00:44 Altar of Kings
00:51 Blacksmith
01:03 Barracks
01:20 Farm
01:50 Farm
03:37 Town Hall
03:43 Town Hall
03:59 Lumber Mill
05:17 Farm
05:31 Keep
05:36 Arcane Vault
05:53 Scout Tower
06:21 Farm
06:22 Guard Tower
07:13 Farm
08:14 Scout Tower
08:26 Workshop
08:30 Workshop
08:41 Castle
08:44 Farm
08:45 Guard Tower
10:10 Workshop
10:17 Farm
11:00 Farm
11:42 Farm
12:22 Scout Tower
12:52 Farm
12:53 Guard Tower
13:38 Scout Tower
14:25 Scout Tower
14:26 Guard Tower
14:58 Guard Tower
19:06 Farm
25:47 Town Hall
» items
| Scroll of Regeneration | 3 | |
| Lesser Clarity Potion | 3 | |
| Potion of Healing | 3 | |
| Scroll of Town Portal | 3 | |
| Potion of Mana | 1 | |
| Orb of Lightning | 1 | |
| Orb of Fire | 1 | |
15 total
USAALLDAY (
teal | 77 APM | 2072 actions | 26:55)
8 Blood Mage
3 Flame Strike
3 Siphon Mana
1 Summon Phoenix
1 Banish
» actions
| Assign group hotkey | 364 | |
| Basic commands | 18 | |
| Build / train | 100 | |
| Enter build submenu | 59 | |
| Enter hero's abilities submenu | 8 | |
| Give item / drop item | 3 | |
| Right click | 691 | |
| Select / deselect | 370 | |
| Select group hotkey | 283 | |
| Use ability | 176 | |
2072 total
» units
| Peasant | 12 | |
| Footman | 5 | |
| Goblin Shredder | 2 | |
| Sorceress | 3 | |
| Siege Engine | 2 | |
| Blue Dragon | 1 | |
25 total
» upgrades
| Masonry | 3 | |
| Sorceress Training | 1 | |
| Magic Sentry | 1 | |
| Lumber Harvesting | 2 | |
| Gunpowder | 4 | |
| Armor | 1 | |
| Plating | 3 | |
| Barrage | 1 | |
16 total
» buildings
| Altar of Kings | 1 | |
| Barracks | 1 | |
| Farm | 13 | |
| Scout Tower | 45 | |
| Arcane Tower | 3 | |
| Keep | 1 | |
| Town Hall | 3 | |
| Lumber Mill | 1 | |
| Arcane Vault | 1 | |
| Arcane Sanctum | 1 | |
| Guard Tower | 15 | |
| Castle | 1 | |
| Blacksmith | 2 | |
| Workshop | 4 | |
92 total
» build order
00:37 Altar of Kings
00:39 Barracks
00:54 Farm
00:55 Farm
01:04 Farm
01:10 Scout Tower
02:12 Arcane Tower
02:49 Farm
03:39 Keep
04:09 Town Hall
04:38 Lumber Mill
05:50 Arcane Vault
06:11 Arcane Sanctum
06:19 Scout Tower
06:20 Scout Tower
06:20 Scout Tower
06:22 Scout Tower
06:24 Scout Tower
06:24 Scout Tower
06:40 Scout Tower
06:43 Scout Tower
06:55 Scout Tower
06:55 Scout Tower
06:57 Scout Tower
07:00 Scout Tower
07:01 Scout Tower
07:03 Scout Tower
07:15 Guard Tower
07:20 Farm
07:39 Guard Tower
08:01 Guard Tower
08:12 Guard Tower
08:12 Guard Tower
08:12 Guard Tower
08:13 Guard Tower
09:22 Castle
09:39 Guard Tower
10:18 Scout Tower
10:20 Scout Tower
10:21 Scout Tower
11:00 Guard Tower
11:05 Scout Tower
11:05 Scout Tower
11:06 Scout Tower
11:06 Scout Tower
11:07 Scout Tower
11:07 Scout Tower
11:07 Scout Tower
11:51 Guard Tower
11:56 Blacksmith
11:56 Blacksmith
12:40 Guard Tower
13:30 Scout Tower
13:30 Scout Tower
13:30 Scout Tower
13:31 Scout Tower
13:31 Scout Tower
13:31 Scout Tower
13:33 Scout Tower
13:35 Scout Tower
13:38 Scout Tower
13:39 Scout Tower
13:39 Scout Tower
13:40 Scout Tower
14:17 Guard Tower
14:21 Town Hall
14:40 Guard Tower
14:42 Scout Tower
14:42 Scout Tower
14:43 Scout Tower
14:43 Scout Tower
14:44 Scout Tower
14:45 Scout Tower
14:45 Scout Tower
15:26 Guard Tower
15:50 Town Hall
15:54 Arcane Tower
15:59 Workshop
16:00 Workshop
16:06 Workshop
16:06 Workshop
19:15 Arcane Tower
19:47 Farm
19:55 Farm
19:56 Farm
19:56 Farm
19:57 Farm
20:03 Farm
20:05 Farm
26:16 Farm
» items
| Scroll of Regeneration | 5 | |
| Potion of Invisibility | 5 | |
| Staff of Teleportation | 1 | |
| Boots of Speed | 1 | |
| Potion of Mana | 5 | |
| Lesser Clarity Potion | 5 | |
| Potion of Healing | 4 | |
| Scroll of Town Portal | 4 | |
30 total
Chat log
(00:09 / All) USAALLDAY: USA! USA!
(00:24 / All) Se.: USA FU!
(00:26 / All) Se.: hi
(00:46 / All) USAALLDAY: USA IS NUMBER ONE
(01:11 / All) www.papajohn.gr: usa fucking dumies
(01:21 / All) USAALLDAY: So says the Greek
(01:24 / All) tristours: usa for noob and nig ashole
(01:33 / All) www.papajohn.gr: yeah greeks know best usa
(01:52 / All) USAALLDAY: USA ALL DAY BABY
(02:00 / All) tristours: and the women are fat
(02:05 / All) USAALLDAY: Where do you live
(02:16 / All) tristours: france with hot girl
(02:24 / All) USAALLDAY: French women are mostly ugly buddy
(02:32 / All) USAALLDAY: Can't touch our fine Christian gals
(02:38 / All) tristours: they hate hamburger
(03:05 / All) USAALLDAY: nothing wrong with a burger and some fries
(03:07 / All) USAALLDAY: the all american dish
(03:16 / All) www.papajohn.gr: stfup and play
(03:54 / Allies) RockNRollah-K: pls
(04:02 / All) tristours: when you eat the french food you cant eat american food
(04:18 / All) USAALLDAY: this ain't a garden party, brother
(04:21 / All) USAALLDAY: this is WARCRAFT
(04:24 / All) USAALLDAY: where only the strongest survive
(04:35 / Allies) l0sten: bm item pls
(04:39 / Allies) l0sten: i sucks on u
(04:45 / Allies) l0sten: blue
(04:47 / Allies) brobooo: i need sorry
(04:48 / Allies) USAALLDAY: it's good
(04:50 / Allies) USAALLDAY: for BM
(04:53 / Allies) brobooo: sure
(05:56 / Allies) USAALLDAY: I almost lost my shreddar
(06:00 / Allies) USAALLDAY: that woulda been disastrous!
(06:32 / Allies) l0sten: y waste ur copiess ...
(10:00 / Allies) brobooo: luck
(10:47 / Allies) l0sten: repair!!!
(10:58 / Allies) RockNRollah-K: safe dude
(11:02 / Allies) l0sten: kk
(11:36 / All) brobooo: noob
(11:37 / Allies) l0sten: wood pls
(12:58 / Allies) RockNRollah-K: u can take
(13:00 / Allies) RockNRollah-K: me
(15:18 / Allies) RockNRollah-K: commin
(16:37 / All) USAALLDAY: USA USA USA
(18:22 / Allies) RockNRollah-K: meet
(19:01 / Allies) RockNRollah-K: common
(19:05 / Allies) RockNRollah-K: 50 food
(19:05 / Allies) brobooo: ?
(20:23 / All) USAALLDAY: FUCK Y EAH ORANGE
(20:25 / All) USAALLDAY: AMERICAN NUMBER ONE
(21:44 / All) www.papajohn.gr: pussy pink
(21:58 / All) USAALLDAY: OH YEAH
(22:00 / All) USAALLDAY: USA!
(22:02 / All) USAALLDAY: USA!
(23:03 / All) USAALLDAY: USA
(23:05 / All) USAALLDAY: ALL DAY BABY
(26:32 / All) RockNRollah-K: just leave
(26:50 / All) USAALLDAY: USA